 Dungeon Crawl Stone Soup version 0.27.1-1-g398f81649c (webtiles) character file.

Game seed: 2817552360527230472

12458 VictoriousLee the Carver (level 11, -12/68 HPs)
             Began as a Barachi Summoner on Sept 7, 2021.
             Was an Elder of Vehumet.
             Mangled by a red ugly thing (15 damage)
             ... on level 14 of the Dungeon.
             The game lasted 01:49:10 (13694 turns).

VictoriousLee the Carver (Barachi Summoner)        Turns: 13694, Time: 01:49:11

Health: -12/68     AC:  8    Str: 10    XL:     11   Next: 93%
Magic:  7/18       EV: 11    Int: 25    God:    Vehumet [****..]
Gold:   1947       SH:  0    Dex: 13    Spells: 2/20 levels left

rFire    . . .     SeeInvis .   J - +1 long sword of Shrieking Terror {flame, rElec rN+ Will- Int+7}
rCold    + . .     Faith    .   (no shield)
rNeg     + . .     Spirit   .   b - +0 troll leather armour
rPois    +         Reflect  .   n - +0 helmet
rElec    +         Harm     .   (no cloak)
rCorr    .         Rampage  .   B - +1 pair of gloves
Will     .....                  c - +0 pair of boots
Stlth    ++........             (no amulet)
HPRegen  1.21/turn              F - ring of poison resistance
MPRegen  0.16/turn              O - ring of protection from cold

@: slow
A: amphibious, slowness 1, strong legs 1, +LOS
a: Hop, Renounce Religion


You were on level 14 of the Dungeon.
You worshipped Vehumet.
Vehumet was greatly pleased with you.
You visited 2 branches of the dungeon, and saw 13 of its levels.
You also visited: Ossuary and Bailey.

You collected 1947 gold pieces.

Inventory:

Hand Weapons
 e - a +2 short sword of venom
 J - the +1 long sword of Shrieking Terror (weapon) {flame, rElec rN+ Will- Int+7}
   (You found it on level 5 of the Dungeon)

   It burns those it strikes, dealing additional fire damage.
   Big, fiery blades are also staple armaments of hydra-hunters.
   Int:       It affects your intelligence (+7).
   rElec:     It insulates you from electricity.
   rN:        It protects you from negative energy.
   Will:      It decreases your willpower.
 M - a +0 hand crossbow
 N - a +0 long sword of electrocution
 T - a +0 mace of holy wrath
Missiles
 g - 69 bolts
 j - 29 poisoned darts
 k - 2 throwing nets
 r - 13 boomerangs
 u - 7 javelins
 P - a curare-tipped dart
Armour
 b - a +0 troll leather armour (worn)
 c - a +0 pair of boots (worn)
 m - a +0 chain mail
 n - a +0 helmet (worn)
 o - a +0 plate armour
 q - a +0 kite shield
 y - a +0 leather armour
 B - a +1 pair of gloves (worn)
 S - a +0 chain mail
Magical Staves
 U - a staff of fire
Jewellery
 F - a ring of poison resistance (left hand)
 O - a ring of protection from cold (right hand)
Wands
 f - a wand of polymorph (8)
 I - a wand of flame (36)
 W - a wand of iceblast (4)
 X - a wand of charming (4)
Scrolls
 d - 3 scrolls of teleportation
 p - a scroll of fear
 s - a scroll of immolation
 w - a scroll of blinking
 D - 3 scrolls of summoning
 L - 2 scrolls of amnesia
 Q - 8 scrolls of enchant armour
 R - 2 scrolls of fog
 V - 2 scrolls of enchant weapon
Potions
 h - 4 potions of brilliance
 i - 2 potions of curing
 l - 2 potions of ambrosia
 t - 2 potions of cancellation
 v - 3 potions of might
 x - 5 potions of heal wounds
 z - 5 potions of mutation
 A - 6 potions of flight
 C - 2 potions of haste
 H - 2 potions of resistance
 K - 2 potions of lignification
 Y - a potion of magic


   Skills:
 * Level 13.9 Long Blades
 - Level 2.1 Dodging
 - Level 1.7 Stealth
 - Level 5.0 Spellcasting
 - Level 10.3 Conjurations
 - Level 7.3 Summonings
 - Level 6.0 Fire Magic
 - Level 7.7 Air Magic


You had 2 spell levels left.
You knew the following spells:

 Your Spells              Type           Power      Damage    Failure   Level
a - Lightning Bolt        Conj/Air       25%        1d41      2%          5
c - Call Canine Familiar  Summ           42%        N/A       1%          3
d - Call Imp              Summ           42%        N/A       1%          2
i - Inner Flame           Hex/Fire       21%        N/A       2%          3
s - Summon Lightning Spi  Summ/Air       43%        N/A       4%          4
z - Shock                 Conj/Air       100%       1d9       1%          1

Your spell library contained the following spells:

 Spells                   Type           Power      Damage    Failure   Level
 Lee's Rapid Deconstruct  Erth           3%         3d6*      58%         5
 Summon Small Mammal      Summ           100%       N/A       1%          1
 Poisonous Vapours        Pois/Air       50%        N/A       1%          2
 Beastly Appendage        Tmut           12%        N/A       11%         1
 Corona                   Hex            6%         N/A       11%         1
 Sting                    Tmut/Pois      24%        1d4       11%         1
 Ensorcelled Hibernation  Hex/Ice        12%        N/A       17%         2
 Wereblood                Tmut           6%         N/A       17%         2
 Dazzling Flash           Conj/Hex       64%        N/A       1%          3
 Iskenderun's Mystic Bla  Conj/Tloc      32%        2d8       3%          4
 Summon Guardian Golem    Hex/Summ       24%        N/A       8%          3
 Starburst                Conj/Fire      23%        6d8       16%         6
 Olgreb's Toxic Radiance  Pois           6%         N/A       28%         4
 Spider Form              Tmut/Pois      3%         N/A       32%         3
 Tukima's Dance           Hex            6%         N/A       32%         3
 Yara's Violent Unravell  Hex/Tmut       3%         3d4       58%         5


Dungeon Overview and Level Annotations

Branches:
Dungeon (11/15)            Temple (1/1) D:5             Orc (0/2) D:10
Ossuary (visited)          Bailey (visited)
   Lair: D:8-11

Altars:
Ashenzari
Cheibriados
Dithmenos
Elyvilon
Fedhas
Gozag
Hepliaklqana
Kikubaaqudgha
Makhleb
Nemelex Xobeh
Okawaru
Qazlal
Ru
Sif Muna
Trog
Uskayaw
Vehumet
Wu Jian
Xom
Yredelemnul
Zin
The Shining One

Annotations:
D:7 1 runed translucent door


Innate Abilities, Weirdness & Mutations

You are amphibious.
You cover ground slowly.
You can hop short distances.
You have an extended range of vision and can be seen from far away.


Message History

The bolt of electricity hits the brown ugly thing!
You barely miss the red ugly thing.
The red ugly thing is heavily wounded.
Your lightning spire shoots out a bolt of lightning at the brown ugly thing!
The bolt of electricity hits the brown ugly thing!
The brown ugly thing dies!
Vehumet accepts your kill.
You slash the red ugly thing!
The red ugly thing is heavily wounded.
The red ugly thing kicks you!
You are engulfed in flames!!
Casting: Summon Lightning Spire (dangerous; 4% risk of failure)
Confirm with . or Enter, or press ? or * to list all spells.
Okay, then.
Casting: Summon Lightning Spire (dangerous; 4% risk of failure)
Confirm with . or Enter, or press ? or * to list all spells.
Aiming: Lightning Bolt (dangerous; 2% risk of failure)
Press: ? - help, Shift-Dir - straight line, f - red ugly thing
Aim: a red ugly thing (heavily wounded, ally target, 64% to hit)
You hear a mighty clap of thunder!
The bolt of lightning hits the red ugly thing!!
The red ugly thing is almost dead.
You hear a shout! x2; You hear an angry buzzing noise.
You hear a shout! x4
You hear an angry buzzing noise. x2; You hear a shout! x7
You hear an angry buzzing noise. x2; You hear a shout! x3
Your lightning spire disappears in a puff of smoke!
The red ugly thing kicks you.
You are engulfed in flames!!
* * * LOW HITPOINT WARNING * * *
Casting: Lightning Bolt (dangerous; 2% risk of failure)
Confirm with . or Enter, or press ? or * to list all spells.
Aiming: Lightning Bolt (dangerous; 2% risk of failure)
Press: ? - help, Shift-Dir - straight line, f/p - red ugly thing
Aim: a red ugly thing (grey smoke, almost dead, 64% to hit)
You hear a mighty clap of thunder!
The bolt of lightning misses the red ugly thing.
You hear a shout!
You hear an angry buzzing noise. x2; You hear a shout!
You hear an angry buzzing noise.
The red ugly thing kicks you!
* * * LOW HITPOINT WARNING * * *
You are engulfed in flames!
You die...

####..#
#.###.†###.......
# #..#####.# #..#
....... #
#........# #..#
..... #
#........# #..#
.... # #........#
#..# ... #
#........# #..#
.# # #........#
#..# # #
#........# #..# .
#........# #§@#
#...........#
#.u# ...........#
#†.#
..###.......#
#..# #. #.......#
#..# #..# .(.#
.... #....


You could see a red ugly thing.

Vanquished Creatures
  An orc knight (Bailey)
  An unseen horror (D:8)
  A tengu conjurer (D:14)
  A troll (D:10)
  A shadow (D:11)
  4 yaks
  A wyvern (D:8)
  A human (D:14)
  A vampire mosquito (D:10)
  An acid dragon (D:9)
  A water moccasin (D:6)
  7 orc warriors
  A necrophage (D:4)
  A centaur (D:9)
  2 ogres
  A phantom (D:6)
  A kobold brigand (D:9)
  A bullfrog (D:9)
  A scorpion (D:7)
  A water moccasin zombie (D:5)
  A wyvern skeleton (D:6)
  2 centaur zombies
  A bullfrog zombie (D:5)
  2 orc priests
  2 iguanas
  Terence (D:2)
  Jessica (D:2)
  A centaur skeleton (D:7)
  3 orc wizards
  A killer bee zombie (D:8)
  A howler monkey skeleton (D:6)
  4 gnolls
  2 ufetubi
  A worm (D:3)
  A dart slug (D:2)
  28 orcs
  2 endoplasms
  A giant cockroach (D:2)
  11 goblins
  5 hobgoblins
  4 kobolds
  A quokka (D:4)
  A ball python (D:2)
  2 bats
  A frilled lizard (D:2)
  A hobgoblin zombie (Ossuary)
  6 rats
117 creatures vanquished.

Vanquished Creatures (collateral kills)
  Pikel (D:8)
  3 orc knights (Bailey)
  2 ugly things (D:14)
  A tengu conjurer (D:14)
  A hornet (D:5)
  5 yaks (D:8)
  A human (D:14)
  A steam dragon (D:7)
  2 vampire mosquitoes (D:10)
  A water moccasin (D:7)
  2 ice beasts
  7 orc warriors
  A necrophage (D:6)
  2 ogres
  3 centaurs
  A lemure (D:8)
  A kobold brigand (D:7)
  A gnoll sergeant (D:8)
  2 bullfrogs
  2 scorpions
  2 howler monkeys (D:7)
  3 jellies
  4 orc priests
  Ijyb (D:3)
  2 iguanas
  3 orc wizards
  A killer bee zombie (D:9)
  8 mummies (Ossuary)
  Robin (D:2)
  17 gnolls
  9 adders
  A white imp (D:7)
  An adder skeleton (D:4)
  35 orcs
  2 endoplasms (D:1)
  3 giant cockroaches
  2 gnoll zombies (Ossuary)
  5 hobgoblins
  12 kobolds
  2 quokkas (D:2)
  A ball python (D:1)
  4 bats
  10 goblins
  2 hobgoblin zombies (Ossuary)
  3 orc zombies (Ossuary)
  A rat (D:2)
175 creatures vanquished.

Vanquished Creatures (others)
  A plant (Temple)
1 creature vanquished.

Grand Total: 293 creatures vanquished

Notes
Turn   | Place    | Note
-------+----------+-------------------------------------------
     0 | D:1      | VictoriousLee the Barachi Summoner began the quest for the
                  | Orb.
     0 | D:1      | Reached XP level 1. HP: 13/13 MP: 3/3
    47 | D:1      | Reached skill level 5 in Summonings
   340 | D:1      | Reached XP level 2. HP: 19/19 MP: 3/5
   343 | D:1      | Learned a level 2 spell: Call Imp
   915 | D:2      | Noticed Terence
   963 | D:2      | Reached XP level 3. HP: 9/24 MP: 1/6
   967 | D:2      | Learned a level 3 spell: Call Canine Familiar
  1289 | D:2      | Noticed Jessica
  1326 | D:2      | Killed Terence
  1327 | D:2      | Reached XP level 4. HP: 14/30 MP: 2/7
  1533 | D:2      | Killed Jessica
  1793 | D:2      | Noticed Robin
  2045 | D:2      | Killed Robin
  2046 | D:2      | Reached XP level 5. HP: 33/35 MP: 1/8
  2679 | D:2      | Learned a level 4 spell: Summon Lightning Spire
  2771 | D:3      | Found a shadowy altar of Dithmenos.
  2884 | D:3      | Found a faded altar of an unknown god.
  2937 | D:3      | Reached skill level 1 in Air Magic
  3336 | D:3      | Found a glowing golden altar of the Shining One.
  3740 | D:3      | Noticed Ijyb
  3927 | D:3      | Killed Ijyb
  3928 | D:3      | Reached XP level 6. HP: 33/41 MP: 0/10
  4647 | D:4      | Found an iron altar of Okawaru.
  5165 | D:4      | Noticed a necrophage
  5179 | D:4      | Killed a necrophage
  5370 | D:4      | Found a sparkling altar of Nemelex Xobeh.
  5561 | D:5      | Entered Level 5 of the Dungeon
  5561 | D:5      | Found an ornate altar of the Wu Jian Council.
  5575 | D:5      | Found a shimmering altar of Xom.
  5576 | D:5      | Found a staircase to the Ecumenical Temple.
  5590 | Temple   | Entered the Ecumenical Temple
  5713 | Temple   | Became a worshipper of Vehumet
  5778 | D:5      | Noticed a hornet
  5782 | D:5      | Noticed an ice beast
  5784 | D:5      | Killed a hornet
  5785 | D:5      | Reached skill level 5 in Air Magic
  5785 | D:5      | Reached XP level 7. HP: 38/46 MP: 2/11
  6108 | D:5      | Found a blossoming altar of Fedhas.
  6173 | D:5      | Identified the +1 long sword of Shrieking Terror {flame,
                  | rElec rN+ Will- Int+7}
  6517 | D:6      | Found a bloodstained altar of Trog.
  6525 | D:6      | Found a sand-covered staircase.
  6566 | Ossuary  | Entered an ossuary
  6651 | Ossuary  | Reached * piety under Vehumet
  6651 | Ossuary  | Offered knowledge of Shock by Vehumet.
  6654 | Ossuary  | Learned a level 1 spell: Shock
  6753 | Ossuary  | Reached XP level 8. HP: 52/52 MP: 4/13
  7093 | D:6      | Reached skill level 1 in Fire Magic
  7873 | D:7      | Found a runed translucent door.
  7876 | D:7      | Found a burning altar of Makhleb.
  7876 | D:7      | Noticed a sixfirhy
  8264 | D:7      | Reached skill level 5 in Spellcasting
  8684 | D:7      | Reached skill level 5 in Fire Magic
  8972 | D:7      | Reached XP level 9. HP: 57/57 MP: 11/16
  9153 | D:8      | Identified a scroll of acquirement
  9153 | D:8      | Acquired 970 gold pieces
  9233 | D:8      | Reached ** piety under Vehumet
  9234 | D:8      | Reached skill level 1 in Long Blades
  9238 | D:8      | Reached skill level 4 in Long Blades
  9313 | D:8      | Found a flagged portal.
  9323 | Bailey   | Entered a bailey
  9329 | Bailey   | Offered knowledge of Poisonous Vapours by Vehumet.
  9453 | Bailey   | Acquired a staff of fire
  9471 | Bailey   | Noticed an orc knight
  9471 | Bailey   | Noticed an orc knight
  9476 | Bailey   | Reached skill level 5 in Long Blades
  9476 | Bailey   | Offered knowledge of Ignite Poison by Vehumet.
  9481 | Bailey   | Reached skill level 6 in Long Blades
  9488 | Bailey   | Killed an orc knight
  9489 | Bailey   | Reached skill level 7 in Long Blades
  9492 | Bailey   | Killed an orc knight
  9493 | Bailey   | Reached skill level 8 in Long Blades
  9498 | Bailey   | Reached skill level 9 in Long Blades
  9605 | Bailey   | Noticed an orc knight
  9630 | Bailey   | Killed an orc knight
  9631 | Bailey   | Reached XP level 10. HP: 22/63 MP: 5/17
  9768 | Bailey   | Noticed an orc knight
  9777 | Bailey   | Killed an orc knight
  9778 | Bailey   | Reached skill level 10 in Long Blades
  9782 | Bailey   | Acquired the Grimoire of Excruciating Changing
  9921 | D:8      | Reached skill level 1 in Conjurations
 10207 | D:8      | Reached *** piety under Vehumet
 10222 | D:8      | Learned a level 5 spell: Lightning Bolt
 10451 | D:9      | Noticed Pikel
 10688 | D:8      | Killed Pikel
 11053 | D:9      | Offered knowledge of Inner Flame by Vehumet.
 11348 | D:9      | Reached skill level 12 in Long Blades
 11348 | D:9      | Reached skill level 10 in Conjurations
 11348 | D:9      | Reached XP level 11. HP: 68/68 MP: 18/18
 11803 | D:8      | Learned a level 3 spell: Inner Flame
 12098 | D:9      | Found a stormy altar of Qazlal.
 12226 | D:9      | Found a basalt altar of Yredelemnul.
 12387 | D:10     | Entered Level 10 of the Dungeon
 12865 | D:10     | Reached skill level 13 in Long Blades
 12944 | D:10     | Found a broken altar of Ashenzari.
 12962 | D:10     | Reached **** piety under Vehumet
 12963 | D:10     | Offered knowledge of Lee's Rapid Deconstruction by Vehumet.
 13186 | D:10     | Found a staircase to the Orcish Mines.
 13509 | D:11     | You fall into a shaft and drop 3 floors!
 13601 | D:14     | Noticed a red ugly thing
 13672 | D:14     | Noticed a green ugly thing
 13675 | D:14     | Noticed a green ugly thing
 13678 | D:14     | Noticed a green ugly thing
 13683 | D:14     | Killed a green ugly thing
 13691 | D:14     | Killed a brown ugly thing
 13694 | D:14     | HP: 3/68 [red ugly thing (11)]
 13694 | D:14     | Mangled by a red ugly thing

Illustrated notes

Levels and vault maps discovered:
D:1:      nicolae_arrival_washed_ashore, layout_rooms,
          chequers_serial_rivers_small_3
D:2:      minmay_inner_zag, layout_rooms, uniq_jessica, uniq_terence, uniq_robin
D:3:      layout_basic, lemuel_crystal_altar, mainiacjoe_overflow_24_doors,
          dilly_ecumenical_altar_fadedgnrine, uniq_ijyb
D:4:      layout_gridville, okawaru_gym_becter, overflow_temple_1_default,
          hex_large
D:5:      layout_rooms, fedhas_altar_2,
          chequers_temple_overflow_statue_of_worship,
          minmay_temple_entry_drinking_statues
D:6:      layout_cave_pools, trog_hazing_becter, enter_ossuary_1
D:7:      layout_loops_cross, nzn_makhleb_speed_demon,
          hangedman_decor_clover_reticule
D:8:      layout_basic, enter_bailey_8
D:9:      layout_rooms, amcnicky_altar_gilded, kennysheep_mini, uniq_pikel
D:10:     layout_roguey, nicolae_ashenzari_panopticon, orc_0_dummy, special_room
          [special_room_orc], nicolae_two_hexagons
D:11:     kennysheep_ambush_hall, layout_irregular_city, lair_entry_dummy,
          minmay_orc_keep
D:14:     layout_long_grid, david_vaults_3, nicolae_qazlal_general_emergency,
          minmay_diced_spiral
Temple:   cyrus_temple_forest

Skill      XL: |  1  2  3  4  5  6  7  8  9 10 11 |
---------------+----------------------------------+-----
Summonings     | 5 6 7 |  7.3
Spellcasting   | 3 5 |  5.0
Air Magic      | 2 5 7 |  7.7
Fire Magic     | 5 6 |  6.0
Long Blades    | 9 12 13 | 13.9
Conjurations   | 10 | 10.3
Dodging        | |  2.1
Stealth        | |  1.7

Action                   |  1- 3 |  4- 6 |  7- 9 | 10-12 || total
-------------------------+-------+-------+-------+-------++-------
Melee: Mace              |    38 |   140 |    23 |       ||   201
       Long sword        |       |       |    82 |   112 ||   194
Throw: Boomerang         |       |     1 |       |       ||     1
 Cast: Summon Small Mamm |    12 |       |       |       ||    12
       Call Imp          |    13 |    24 |     3 |     1 ||    41
       Call Canine Famil |     2 |    18 |    12 |     2 ||    34
       Summon Lightning  |       |     5 |    41 |    36 ||    82
       Shock             |       |       |     2 |     6 ||     8
       Lightning Bolt    |       |       |       |    32 ||    32
 Abil: Hop               |       |     2 |     4 |     3 ||     9
Evoke: Wand              |       |       |    12 |     2 ||    14
  Use: Scroll            |       |     5 |    11 |    11 ||    27
       Potion            |       |       |     1 |     9 ||    10
 Stab: Distracted        |       |     3 |     7 |     3 ||    13
       Sleeping          |       |     2 |     1 |       ||     3
Armor: Robe              |    14 |    30 |    28 |    27 ||    99
       Troll leather arm |       |       |       |    11 ||    11
Dodge: Dodged            |    38 |    85 |    87 |    72 ||   282
       Rpst.: Long sword |       |       |    20 |    17 ||    37
